Map: Abyssal Reef LE

Players

Railgan

  • Race: Zerg Zerg
  • League: Grandmaster
  • Spawn Location: 5:00

Semper - Winner!

  • Race: Terran Terran
  • League: Grandmaster
  • Spawn Location: 11:00

VOD

Have the link to the VOD?

Description

Time

  • Played on: March 19, 2017, 7:33 p.m.
  • Length: 12:13
Show
View Real Time Build Order
Export as new Build Order

Railgan Zerg 

Build Orders: Pool First 

Get SALT Encoding   

  12  0:01  Drone  
  13  0:13  Overlord  
  13  0:17  Drone  
  14  0:31  Drone x2  
  14  0:35  Drone  
  17  0:47  Drone  
  17  0:49  Spawning Pool  
  17  0:56  Drone  
  18  1:13  Extractor, Hatchery  
  18  1:16  Drone  
  17  1:20  Drone  
  18  1:28  Drone  
  19  1:35  Queen  
  21  1:42  Zergling x2  
  22  1:49  Overlord  
  22  2:11  Drone, Queen  
  22  2:12  Drone  
  26  2:20  Metabolic Boost  
  26  2:24  Queen  
  26  2:26  Drone x2  
  30  2:36  Overlord  
  30  2:38  Drone  
  31  2:49  Drone x2  
  32  2:54  Drone x2  
  34  3:00  Drone  
  34  3:02  Evolution Chamber  
  34  3:04  Zergling x4  
  36  3:07  Drone  
  37  3:13  Drone  
  37  3:19  Drone  
  39  3:20  Drone  
  39  3:22  Drone x2  
  39  3:23  Drone  
  43  3:29  Zerg Ground Armor Level 1  
  43  3:33  Drone  
  44  3:37  Overlord  
  43  3:47  Lair  
  43  3:49  Extractor  
  43  3:50  Extractor  
  43  3:51  Zergling x4  
  42  3:59  Drone  
  42  4:00  Drone x5  
  47  4:04  Drone x2  
  47  4:08  Drone x2  
  47  4:09  Drone  
  51  4:12  Drone  
  51  4:20  Overlord  
  51  4:23  Overlord  
  51  4:25  Overlord  
  51  4:33  Extractor  
  50  4:39  Drone  
  50  4:42  Drone  
  50  4:43  Zergling x2  
  50  4:44  Zergling x10  
  58  5:00  Hydralisk Den  
  58  5:03  Evolution Chamber  
  56  5:07  Drone  
  56  5:12  Drone x2  
  58  5:22  Drone  
  58  5:23  Zerg Ground Armor Level 2  
  58  5:24  Drone, Hatchery  
  59  5:34  Hydralisk  
  59  5:35  Hydralisk x6  
  61  5:40  Hydralisk  
  74  5:48  Hydralisk  
  74  5:50  Overlord x2  
  74  5:54  Muscular Augments  
  73  6:01  Overlord  
  73  6:02  Drone x2  
  73  6:03  Overlord  
  75  6:07  Zerg Missile Weapons Level 1  
  76  6:11  Drone  
  76  6:17  Hydralisk, Drone  
  77  6:26  Hydralisk x2  
  77  6:27  Hydralisk x2  
  77  6:28  Overlord  
  77  6:30  Drone  
  86  6:37  Overlord  
  86  6:39  Drone  
  86  6:40  Drone, Queen  
  86  6:45  Drone x2  
  91  6:54  Drone x5  
  91  7:00  Overseer  
  96  7:06  Drone x2  
  96  7:07  Drone  
  99  7:08  Extractor  
  99  7:09  Extractor  
  99  7:11  Hydralisk  
  99  7:12  Hydralisk x4  
  105  7:24  Zergling x6  
  108  7:35  Drone x4  
  108  7:36  Drone  
  113  7:40  Lurker Den  
  113  7:41  Drone x2  
  113  7:42  Infestation Pit, Pneumatized Carapace  
  114  7:51  Drone, Hatchery  
  113  7:53  Overlord, Zergling x8  
  113  7:55  Zerg Melee Weapons Level 1  
  113  7:58  Drone x2  
  121  8:05  Drone x2  
  121  8:06  Overlord  
  121  8:09  Zerg Missile Weapons Level 2  
  122  8:14  Hydralisk x4  
  130  8:20  Overlord x2  
  130  8:23  Overlord  
  130  8:31  Overlord  
  130  8:39  Hydralisk x3  
  130  8:41  Zergling x2  
  137  8:43  Hydralisk, Spine Crawler  
  137  8:44  Hydralisk x3  
  144  8:49  Hydralisk  
  144  8:50  Hydralisk x2  
  148  8:59  Hydralisk  
  148  9:00  Hydralisk x4  
  151  9:15  Hive  
  151  9:16  Hydralisk Den  
  150  9:27  Hatchery  
  149  9:31  Drone x2  
  149  9:32  Drone  
  150  9:46  Hydralisk  
  150  9:47  Hydralisk x4  
  150  9:50  Hydralisk  
  150  9:51  Lurker Den  
  150  9:52  Hydralisk  
  164  9:57  Overlord  
  161  10:01  Hydralisk  
  161  10:06  Hydralisk x3  
  141  10:08  Drone  
  141  10:10  Hydralisk x2  
  141  10:12  Zergling x4  
  141  10:13  Drone  
  118  10:15  Drone x2  
  118  10:16  Drone x2  
  113  10:21  Drone  
  113  10:25  Hydralisk  
  110  10:41  Drone x3  
  110  10:42  Drone x4  
  111  10:45  Drone  
  111  10:47  Drone  
  111  10:49  Drone  
  114  10:50  Drone  
  114  10:57  Viper  
  113  10:59  Viper  
  113  11:01  Drone  
  113  11:02  Drone  
  113  11:03  Drone  
  120  11:14  Hydralisk  
  120  11:15  Hydralisk  
  124  11:19  Hydralisk  
  124  11:20  Zergling x4  
  126  11:30  Zergling x4  
  126  11:31  Zergling x8  
  132  11:38  Hydralisk x2  
  135  11:45  Hydralisk  
  135  11:46  Hydralisk  
  135  11:48  Hydralisk  
Show
View Real Time Build Order
Export as new Build Order

Semper Terran - Winner!

Build Orders: Reaper Expand, Bio Tank 

Get SALT Encoding   

  12  0:00  SCV  
  13  0:12  SCV  
  14  0:17  Supply Depot  
  14  0:25  SCV  
  15  0:39  SCV  
  15  0:41  Barracks  
  16  0:44  Refinery  
  16  0:51  SCV  
  17  1:03  SCV  
  18  1:15  SCV  
  19  1:28  Reaper, Orbital Command  
  20  1:42  Command Center  
  20  1:54  SCV  
  21  1:57  Supply Depot  
  21  2:00  Marine  
  22  2:06  SCV  
  23  2:13  Factory  
  23  2:18  SCV  
  23  2:21  Barracks Reactor  
  24  2:31  SCV  
  25  2:46  SCV  
  25  2:48  Command Center  
  26  2:55  Orbital Command  
  26  2:58  SCV  
  27  3:06  Hellion  
  27  3:08  Hellion  
  27  3:10  SCV  
  32  3:13  Barracks Tech Lab  
  32  3:21  SCV  
  32  3:22  SCV  
  34  3:27  Hellion  
  34  3:29  Hellion  
  34  3:33  SCV  
  39  3:35  SCV  
  39  3:38  Marine  
  39  3:39  Stimpack  
  41  3:45  SCV  
  41  3:47  SCV  
  43  3:58  SCV  
  43  3:59  Marine  
  43  4:02  SCV  
  41  4:04  Barracks x2  
  41  4:08  Orbital Command  
  41  4:09  Refinery  
  41  4:10  Factory Reactor  
  41  4:14  SCV  
  41  4:15  SCV  
  43  4:22  Engineering Bay, Supply Depot  
  43  4:24  Marine  
  43  4:25  Engineering Bay  
  43  4:26  SCV  
  43  4:28  SCV  
  46  4:37  SCV  
  47  4:38  SCV  
  47  4:40  SCV  
  47  4:41  Bunker, Marine  
  50  4:49  SCV  
  50  4:51  Refinery, SCV  
  50  4:52  Starport  
  52  4:54  Refinery, SCV  
  52  4:57  Factory Reactor  
  52  4:59  Supply Depot  
  53  5:01  SCV  
  53  5:02  Marine x2  
  53  5:05  Marine  
  53  5:06  SCV  
  59  5:07  SCV  
  59  5:10  Terran Infantry Weapons Level 1  
  59  5:12  Terran Infantry Armor Level 1  
  59  5:17  Marine x2  
  59  5:18  SCV x2  
  59  5:22  Supply Depot  
  59  5:24  Supply Depot  
  59  5:27  SCV  
  60  5:31  Marine x2  
  62  5:36  SCV  
  59  5:44  Marine x2  
  59  5:48  Marine, Factory Reactor  
  59  5:49  Marine, SCV x2, Orbital Command  
  64  5:51  Marine  
  64  5:52  Medivac, Supply Depot  
  64  5:53  Medivac  
  69  6:00  Factory Tech Lab  
  69  6:01  SCV  
  69  6:02  Marine  
  71  6:04  Marine  
  71  6:05  Combat Shields  
  71  6:07  SCV  
  73  6:13  SCV  
  73  6:15  SCV  
  73  6:16  Armory  
  75  6:19  SCV  
  75  6:23  Supply Depot  
  77  6:25  Marine, SCV  
  77  6:27  Marine  
  77  6:28  Marine x3, SCV  
  83  6:35  SCV  
  84  6:40  Siege Tank  
  84  6:42  SCV x2  
  84  6:45  Barracks  
  84  6:47  Barracks, SCV  
  90  6:48  Supply Depot  
  90  6:50  Medivac  
  90  6:54  SCV x2  
  94  6:55  Marine  
  94  6:56  Marine x4  
  94  7:01  SCV  
  100  7:05  Medivac, Supply Depot  
  100  7:06  SCV  
  103  7:12  Siege Tank, Refinery x2, SCV  
  103  7:13  Marine, Terran Infantry Weapons Level 2  
  103  7:14  Terran Infantry Armor Level 2  
  108  7:19  Marine, SCV  
  108  7:20  Marine  
  108  7:21  Marine x2  
  109  7:24  Terran Vehicle Weapons Level 1  
  109  7:29  SCV x2  
  110  7:31  Marine  
  110  7:35  Marine  
  110  7:36  Marine, Supply Depot  
  113  7:37  Marine x2, Supply Depot  
  115  7:47  Marine x2  
  115  7:49  Siege Tank, Marine  
  121  7:52  Factory  
  121  7:53  Supply Depot  
  121  7:54  Supply Depot  
  121  7:55  Supply Depot  
  121  7:58  Marine  
  123  8:00  Barracks Reactor  
  123  8:03  Marine  
  123  8:05  Marine x2  
  125  8:06  Medivac x2  
  125  8:07  Marine  
  131  8:14  Barracks Reactor  
  131  8:16  Marine  
  131  8:21  Barracks  
  131  8:23  Barracks x2  
  131  8:24  Marauder  
  131  8:25  Liberator x2  
  133  8:27  Siege Tank  
  133  8:31  Supply Depot  
  133  8:32  Supply Depot  
  133  8:33  Supply Depot  
  136  8:37  Marine x4  
  140  8:45  Marauder, Factory Tech Lab, Unknown  
  148  8:51  Marine  
  149  8:59  Marine  
  149  9:00  Marine x5  
  145  9:03  Siege Tank  
  145  9:06  Marine, Marauder  
  145  9:07  Siege Tank  
  145  9:08  Marine  
  155  9:15  Barracks Tech Lab x2  
  155  9:17  Marine x2, Barracks Reactor  
  155  9:18  Marine x2  
  155  9:22  Command Center  
  159  9:24  Medivac  
  159  9:25  Missile Turret, Medivac  
  159  9:26  Marine  
  159  9:27  Marine  
  159  9:28  Marauder  
  159  9:29  Missile Turret  
  167  9:35  Siege Tank  
  170  9:44  Siege Tank  
  173  9:49  Marauder  
  173  9:50  Marine  
  173  9:51  Marauder  
  176  9:54  Medivac  
  176  9:55  Medivac  
  176  9:58  Marine  
  176  9:59  Marauder  
  170  10:07  Siege Tank  
  166  10:14  Marine x10  
  166  10:15  Marauder  
  166  10:18  Siege Tank  
  175  10:24  Medivac  
  166  10:32  Marine  
  166  10:33  Marauder  
  169  10:39  Marine x4  
  169  10:40  Marauder  
  169  10:44  Marine  
  169  10:45  Marine x5  
  175  10:50  Marine  
  175  10:53  Marine  
  175  10:57  Marine x4  
  176  11:01  Marauder  
  176  11:02  Marine x3  
  176  11:03  Marine x3  
  188  11:06  Siege Tank  
  188  11:08  Marine  
  192  11:11  Marine  
  192  11:14  Marine  
  192  11:15  Marine x3  
  197  11:20  Marine x3  
  200  11:28  Planetary Fortress  
  200  11:32  Command Center  
  198  11:40  Marine x2  
Tags
 
Add a new tag
Caveats
  • Supply blocks, unpowered buildings, or Contaminate may cause inaccurate times.
  • Supply counts are checked every 10 seconds.